 Dungeon Crawl Stone Soup version 0.29-a0-1016-g236c7fd91e (webtiles) character file.

Game seed: 4079668696678997235

79132 flotson the Fighter (level 15, -8/118 HPs)
             Began as a Demonspawn Delver on Aug 9, 2022.
             Was an Initiate of Gozag.
             Shot with an arrow by a deep elf archer (24 damage)
             ... on level 1 of the Elven Halls.
             The game lasted 00:41:18 (21851 turns).

flotson the Fighter (Demonspawn Delver)            Turns: 21851, Time: 00:41:19

Health: -8/118     AC: 26    Str: 30    XL:     15   Next: 20%
Magic:  15/15      EV: 14    Int: 12    God:    Gozag
Gold:   950        SH: 16    Dex: 14    Spells: 14/14 levels left

rFire   . . .      SeeInvis .   a - +3 morningstar (freeze)
rCold   . . .      Faith    .   C - +0 tower shield
rNeg    + . .      Spirit   .   n - +2 chain mail of the Planets {rN+ Regen+}
rPois   .          Reflect  .   h - +1 helmet "Nuplyrer" {Str+4}
rElec   .          Harm     .   V - scarf {shadows}
rCorr   .          Rampage  .   (gloves unavailable)
Will    +....                   m - +0 pair of boots
Stlth   ..........              (no amulet)
HPRegen 1.09/turn               Y - +4 ring of evasion
MPRegen 0.14/turn               M - +6 ring of strength

@: sanguine armoured, studying Long Blades
A: ignite blood 2, spiny 1, sanguine armour 2, demonic touch 3
a: Renounce Religion, Potion Petition, Call Merchant, Bribe Branch


You were on level 1 of the Elven Halls.
You worshipped Gozag.
Gozag was pleased with you.
You visited 5 branches of the dungeon, and saw 20 of its levels.

You collected 5995 gold pieces.
You spent 1616 gold pieces at shops.
You paid 3429 gold pieces to Gozag.

Inventory:

Hand Weapons
 a - a +3 morningstar of freezing (weapon)
Missiles
 i - 3 boomerangs of dispersal
 j - 25 poisoned darts
 G - 12 boomerangs (quivered)
 S - 5 curare-tipped darts
Armour
 h - the +1 helmet "Nuplyrer" (worn) {Str+4}
   (You found it on level 5 of the Dungeon)

   Str:       It affects your strength (+4).
 m - a +0 pair of boots (worn)
 n - the +2 chain mail of the Planets (worn) {rN+ Regen+}
   (You found it on level 8 of the Dungeon)

   rN:        It protects you from negative energy.
   Regen:     It increases your rate of health regeneration.
 C - a +0 tower shield (worn)
 V - a scarf of shadows (worn)
Jewellery
 e - an amulet of guardian spirit
 u - the amulet of the Four Winds {rN+ Will+++ Clar}
   (You bought it in a shop on level 2 of the Orcish Mines)

   [amulet of nothing]

   rN:        It protects you from negative energy.
   Clar:      It protects you against confusion.
   Will:      It greatly increases your willpower.
 x - the ring "Zearilok" {Fly rC+ Will+ rCorr}
   (You bought it in a shop on level 1 of the Orcish Mines)

   [ring of flight]

   rC:        It protects you from cold.
   Fly:       It grants you flight.
   rCorr:     It protects you from acid and corrosion.
   Will:      It increases your willpower.
 A - an amulet of reflection
 M - a +6 ring of strength (right hand)
 O - a ring of fire
 Q - a ring of protection from cold
 Y - a +4 ring of evasion (left hand)
Wands
 g - a wand of digging (7)
 p - a wand of mindburst (21)
 F - a wand of roots (2)
 I - a wand of light (10)
 P - a wand of paralysis (1)
 R - a wand of flame (11)
Scrolls
 c - a scroll of fog
 d - 4 scrolls of teleportation
 f - 3 scrolls of vulnerability
 k - 4 scrolls of enchant armour
 l - 3 scrolls of butterflies
 o - 2 scrolls of poison
 y - 2 scrolls of blinking
 z - a scroll of magic mapping
 D - a scroll of immolation
 H - a scroll of enchant weapon
 K - 2 scrolls of fear
 W - 6 scrolls of identify
Potions
 b - 3 potions of mutation
 r - 7 potions of curing
 s - 6 potions of might
 t - 2 potions of cancellation
 v - 2 potions of invisibility
 w - 3 potions of resistance
 B - 4 potions of haste
 E - 4 potions of heal wounds
 J - 2 potions of lignification
 L - 2 potions of attraction
 T - a potion of berserk rage
Miscellaneous
 q - a phial of floods
 N - a condenser vane
 U - a phantom mirror


   Skills:
 + Level 11.1 Fighting
 + Level 9.9 Axes
 + Level 9.6 Throwing
 + Level 9.8 Armour
 + Level 10.0 Dodging
 - Level 4.5 Stealth
 + Level 9.6 Shields
 + Level 10.6 Evocations


You had 14 spell levels left.
You didn't know any spells.
Your spell library contained the following spells:

 Spells                   Type           Power      Damage    Failure   Level
 Beastly Appendage        Tmut           0%         N/A       100%        1
 Freeze                   Ice            0%         1d3       100%        1
 Slow                     Hex            0%         N/A       100%        1
 Sting                    Tmut/Pois      0%         1d3       100%        1
 Ensorcelled Hibernation  Hex/Ice        0%         N/A       100%        2
 Poisonous Vapours        Pois/Air       0%         N/A       100%        2
 Sublimation of Blood     Necr           0%         N/A       100%        2
 Wereblood                Tmut           0%         N/A       100%        2
 Call Canine Familiar     Summ           0%         N/A       100%        3
 Confusing Touch          Hex            0%         N/A       100%        3
 Conjure Flame            Conj/Fire      0%         6-21      100%        3
 Dazzling Flash           Conj/Hex       0%         N/A       100%        3
 Frozen Ramparts          Ice            0%         1d1       100%        3
 Ignite Poison            Fire/Tmut/Pois 0%         N/A       100%        3
 Portal Projectile        Hex/Tloc       0%         N/A       100%        3
 Spider Form              Tmut/Pois      0%         N/A       100%        3
 Vampiric Draining        Necr           0%         2d6       100%        3
 Anguish                  Hex/Necr       0%         N/A       100%        4
 Hailstorm                Conj/Ice       0%         3d3       100%        4
 Ice Form                 Ice/Tmut       0%         N/A       100%        4
 Iskenderun's Mystic Bla  Conj/Tloc      0%         2d3       100%        4
 Leda's Liquefaction      Hex/Erth       0%         N/A       100%        4
 Olgreb's Toxic Radiance  Pois           0%         N/A       100%        4
 Petrify                  Tmut/Erth      0%         N/A       100%        4
 Sticky Flame             Conj/Fire      0%         2d3       100%        4
 Summon Ice Beast         Ice/Summ       0%         N/A       100%        4
 Irradiate                Conj/Tmut      0%         3d11      100%        5
 Conjure Ball Lightning   Conj/Air       0%         3x3d6     100%        6
 Starburst                Conj/Fire      0%         6d3       100%        6
 Enfeeble                 Hex            0%         N/A       100%        7
 Discord                  Hex            0%         N/A       100%        8
 Disjunction              Tloc           0%         N/A       100%        8


Dungeon Overview and Level Annotations

Branches:
Dungeon (11/15)            Temple (1/1) D:6            Lair (5/5) D:8
  Swamp (0/4) Lair:3       Spider (0/4) Lair:3        Slime (0/5) Lair:5
    Orc (2/2) D:9             Elf (1/3) Orc:2

Altars:
Ashenzari
Cheibriados
Dithmenos
Fedhas
Gozag
Hepliaklqana
Kikubaaqudgha
Makhleb
Nemelex Xobeh
Okawaru
Trog
Wu Jian
Xom
Jiyva

Shops:
D:2 [   D:7 *   Orc:1 =(([=   Orc:2 [=[=

Annotations:
D:5 3 runed translucent doors, Asceticacid's ghost, novice MeGl


Innate Abilities, Weirdness & Mutations

Your demonic aura often causes spilled blood to erupt in flames.
You are partially covered in sharp spines.
When seriously injured, your blood forms thick armour. (AC +9)
Your touch may irresistibly damage your foes and sap their willpower.


Message History

The arrow misses you.
You start removing your amulet.
You continue taking off the amulet of the Four Winds {rN+ Will+++ Clar}.
The deep elf archer shoots an arrow.
You block the arrow.
You continue taking off the amulet of the Four Winds {rN+ Will+++ Clar}.
The deep elf archer shoots an arrow.
You block the arrow.
The deep elf pyromancer casts a spell at you.
The bolt of fire hits you.
You continue taking off the amulet of the Four Winds {rN+ Will+++ Clar}.
The deep elf archer shoots an arrow.
The arrow closely misses you.
The deep elf pyromancer casts a spell at you.
The sticky flame hits you but does no damage.
You are covered in liquid flames!
You continue taking off the amulet of the Four Winds {rN+ Will+++ Clar}.
You are covered in liquid flames!
The deep elf archer shoots an arrow.
The arrow hits you.
You finish taking off the amulet of the Four Winds {rN+ Will+++ Clar}.
You start putting on your amulet.
You continue putting on your amulet of reflection.
You are covered in liquid flames!
Keep equipping yourself? [Y]es or [N]o only, please.
Keep equipping yourself?
The deep elf archer shoots an arrow.
The arrow hits you!!
* * * LOW HITPOINT WARNING * * *
The deep elf pyromancer gestures at you while chanting.
The sticky flame hits you but does no damage.
You are covered in liquid flames!
You continue putting on your amulet of reflection.
You are covered in liquid flames!
* * * LOW HITPOINT WARNING * * *
The deep elf archer shoots an arrow.
You block the arrow.
The deep elf pyromancer casts a spell.
The deep elf pyromancer blinks!
You continue putting on your amulet of reflection.
The deep elf archer shoots an arrow.
The arrow closely misses you.
You continue putting on your amulet of reflection.
The deep elf archer shoots an arrow.
The arrow hits you!!
You die...
Your body crumbles into a pile of gold.

#.#..........##.# .
#.#.........###.# #.
#.#........####.#####
#.#...#...##..$$...#
####.......####.##$##.##
....#.......# # #$....#
....#.##.##.# ####..#
.........##.### #.<.
.#..#.##@...... ......##
...........#.. ..#####
......#..#.#.#
.#...#.e#.#.# .#..
...#.#.# .#.. .......#
.. .... ..


You could see a deep elf archer (repels missiles).

Vanquished Creatures
  Gastronok (Lair:3)
  An orc warlord (Orc:2)
  Nessos (Lair:4)
  A dire elephant (Lair:5)
  The ghost of voltaire321 the Fighter, a journeyman DsVM of Hepliaklqana (Lair:4)
  The ghost of Leaxt the Severer, a journeyman MiBe of Trog (Lair:3)
  6 hydras
  An ice dragon (Lair:3)
  3 two-headed ogres (Orc:2)
  2 boulder beetles
  3 catoblepae
  An alligator (Lair:5)
  18 death yaks
  A deep troll shaman (Lair:5)
  An orc high priest (Orc:2)
  A deep elf knight (Elf:1)
  Sonja (D:11)
  Pikel (D:6)
  2 lindwurms (Lair:5)
  2 deep elf archers (Elf:1)
  6 orc knights (Orc:2)
  3 deep elf pyromancers (Elf:1)
  A deep elf zephyrmancer (Elf:1)
  A will-o-the-wisp (Lair:3)
  4 orc sorcerers (Orc:2)
  2 cyclopes
  11 elephants
  12 black mambas
  A torpor snail (Lair:5)
  An unseen horror (D:11)
  6 rime drakes
  13 cane toads
  A gargoyle (D:10)
  12 komodo dragons
  6 trolls
  A hornet (D:10)
  10 saltlings (Orc:2)
  10 blink frogs
  Grinder (D:6)
  14 dream sheep
  An air elemental (Elf:1)
  49 yaks
  A wyvern (D:10)
  2 wraiths (D:11)
  2 basilisks
  A redback (Lair:3)
  7 vampire mosquitoes
  3 wargs
  Edmund (D:6)
  2 acid dragons
  A sky beast (D:8)
  9 water moccasins
  3 black bears
  25 orc warriors
  2 ice beasts
  2 black mamba simulacra (Lair:3)
  4 ogres (Orc:2)
  7 wolves
  4 centaurs
  A phantom (D:7)
  A kobold brigand (D:9)
  8 bullfrogs
  A gnoll sergeant (D:5)
  2 necrophages (D:7)
  5 scorpions
  6 wights
  A blink frog simulacrum (Lair:3)
  16 killer bees
  A dream sheep simulacrum (Lair:3)
  3 howler monkeys (D:7)
  2 rime drake simulacra (Lair:3)
  A komodo dragon simulacrum (Lair:3)
  5 hounds
  2 jellies (D:6)
  17 orc priests
  An iguana (D:6)
  22 orc wizards
  3 gnolls
  10 adders
  2 shadow imps
  4 white imps
  2 worms
  3 dart slugs
  71 orcs
  A bat (D:1)
  8 endoplasms
  A giant cockroach (D:4)
  3 goblins
  9 hobgoblins
  2 jackals (D:3)
  3 quokkas (D:2)
  7 ball pythons
  13 kobolds
  9 rats
  A pillar of salt (Orc:2)
538 creatures vanquished.

Vanquished Creatures (others)
  4 foxfires (Lair:3)
  23 fungi
  47 plants
74 creatures vanquished.

Grand Total: 612 creatures vanquished

Notes
Turn   | Place    | Note
-------+----------+-------------------------------------------
     0 | D:5      | flotson the Demonspawn Delver began the quest for the Orb.
     0 | D:5      | Reached XP level 1. HP: 18/18 MP: 1/1
     6 | D:5      | Identified the +1 helmet "Nuplyrer" {Str+4}
    17 | D:5      | Noticed a black bear
    24 | D:5      | Noticed a scorpion
    35 | D:5      | Noticed a scorpion
    82 | D:4      | Noticed an orc wizard
    84 | D:4      | Noticed an orc wizard
   124 | D:2      | Gained mutation: Your touch may inflict minor irresistible
                  | damage on your foes. [demonic ancestry]
   124 | D:2      | Reached XP level 2. HP: 12/24 MP: 2/2
   322 | D:2      | You fall into a shaft and drop 2 floors!
   555 | D:2      | Found Hotega's Antique Armour Emporium.
   596 | D:1      | Found a faded altar of an unknown god.
   619 | D:1      | Reached skill level 1 in Evocations
   619 | D:1      | Reached XP level 3. HP: 29/29 MP: 3/3
   877 | D:1      | Reached skill level 1 in Armour
  1775 | D:2      | Gained mutation: You are partially covered in sharp spines.
                  | [demonic ancestry]
  1775 | D:2      | Reached XP level 4. HP: 35/35 MP: 4/4
  2399 | D:4      | Noticed a scorpion
  2407 | D:4      | Killed a scorpion
  2408 | D:4      | Gained mutation: Your touch may inflict irresistible damage
                  | on your foes. [demonic ancestry]
  2408 | D:4      | Reached XP level 5. HP: 34/42 MP: 5/5
  2759 | D:4      | Reached skill level 1 in Throwing
  2768 | D:4      | Reached XP level 6. HP: 30/48 MP: 6/6
  2977 | D:4      | Reached skill level 4 in Fighting
  2977 | D:4      | Reached skill level 1 in Shields
  4306 | D:4      | Gained mutation: Your demonic aura sometimes causes spilled
                  | blood to erupt in flames. [demonic ancestry]
  4306 | D:4      | Reached XP level 7. HP: 41/54 MP: 7/7
  5474 | D:5      | Found a runed translucent gate.
  5474 | D:5      | Found a runed translucent gate.
  5475 | D:5      | Found a runed translucent gate.
  5475 | D:5      | Noticed Asceticacid's ghost (novice MeGl)
  6352 | D:6      | Reached XP level 8. HP: 44/61 MP: 8/8
  6609 | D:6      | Found a sparkling altar of Nemelex Xobeh.
  6609 | D:6      | Found a shimmering altar of Xom.
  6609 | D:6      | Noticed Edmund
  6718 | D:6      | Killed Edmund
  6719 | D:6      | Reached skill level 5 in Fighting
  6943 | D:6      | Found a staircase to the Ecumenical Temple.
  6948 | D:6      | Noticed Grinder
  6953 | Temple   | Entered the Ecumenical Temple
  7027 | Temple   | Became a worshipper of Gozag Ym Sagoz the Greedy
  7094 | D:6      | Paralysed by Grinder for 5 turns
  7125 | D:6      | Killed Grinder
  7543 | D:6      | Noticed Pikel
  7579 | D:6      | Killed Pikel
  7580 | D:6      | Gained mutation: When seriously injured, your blood forms
                  | armour. (AC +9) [demonic ancestry]
  7580 | D:6      | Reached XP level 9. HP: 27/68 MP: 9/9
  8234 | D:7      | Found Cuetwop's Assorted Antiques.
  8240 | D:7      | Bought a sedimented yellow potion for 20 gold pieces
  8240 | D:7      | Bought a scroll labelled LEEPUDW LUXO for 23 gold pieces
  8240 | D:7      | Bought a scroll labelled LEEPUDW LUXO for 23 gold pieces
  8758 | D:7      | Identified a scroll of acquirement
  8768 | D:7      | Acquired an amulet of guardian spirit
  9003 | D:7      | Reached skill level 6 in Fighting
  9003 | D:7      | Reached skill level 5 in Dodging
  9457 | D:8      | Identified the +2 chain mail of the Planets {rN+ Regen+}
  9504 | D:8      | Reached skill level 5 in Evocations
  9508 | D:8      | Reached skill level 5 in Axes
  9725 | D:8      | Found a staircase to the Lair.
  9726 | D:8      | Noticed a komodo dragon
  9750 | D:8      | Killed a komodo dragon
 10133 | D:8      | Gained mutation: Your touch may irresistibly damage your
                  | foes and sap their willpower. [demonic ancestry]
 10133 | D:8      | Reached XP level 10. HP: 49/77 MP: 6/10
 10357 | D:9      | Identified the +1 sling "Nemusiwk" {flame, rCorr Str+2
                  | Int-4 Stlth+}
 10365 | D:9      | Found a staircase to the Orcish Mines.
 10396 | D:9      | Reached skill level 5 in Armour
 10715 | D:9      | Identified the +0 leather armour of the Solstice {Fly}
 10920 | D:9      | Reached skill level 5 in Throwing
 10920 | D:9      | Reached skill level 5 in Shields
 10950 | D:9      | Reached skill level 7 in Fighting
 11172 | D:10     | Entered Level 10 of the Dungeon
 11337 | D:10     | Noticed a gargoyle
 11345 | D:10     | Killed a gargoyle
 11346 | D:10     | Gained mutation: Your demonic aura often causes spilled
                  | blood to erupt in flames. [demonic ancestry]
 11346 | D:10     | Reached XP level 11. HP: 55/81 MP: 6/11
 11572 | D:10     | Noticed a boulder beetle
 11587 | D:10     | Killed a boulder beetle
 12303 | D:11     | Found a shimmering altar of Xom.
 12813 | D:11     | Noticed Sonja
 12821 | D:11     | Killed Sonja
 13185 | Lair:1   | Entered Level 1 of the Lair of Beasts
 13228 | Lair:1   | Noticed a five-headed hydra
 13241 | Lair:1   | Killed a five-headed hydra
 13242 | Lair:1   | Reached skill level 8 in Fighting
 13898 | Lair:1   | Reached XP level 12. HP: 91/93 MP: 10/12
 14317 | Lair:2   | Noticed a five-headed hydra
 14323 | Lair:2   | Killed a five-headed hydra
 15354 | Lair:3   | Noticed a five-headed hydra
 15354 | Lair:3   | Noticed a death yak
 15354 | Lair:3   | Noticed a death yak
 15355 | Lair:3   | Noticed a death yak
 15422 | Lair:3   | Noticed a catoblepas
 15429 | Lair:3   | Killed a catoblepas
 15485 | Lair:3   | Found a hole to the Spider Nest.
 15561 | Lair:3   | Found an ornate altar of the Wu Jian Council.
 15603 | Lair:3   | Noticed a death yak
 15605 | Lair:3   | Noticed a death yak
 15613 | Lair:3   | Killed a death yak
 15619 | Lair:3   | Killed a death yak
 15620 | Lair:3   | Reached skill level 9 in Fighting
 15625 | Lair:3   | Killed a death yak
 15628 | Lair:3   | Killed a death yak
 15634 | Lair:3   | Killed a death yak
 15757 | Lair:3   | Found a runed translucent gate.
 15772 | Lair:3   | Found a staircase to the Swamp.
 15819 | Lair:3   | Reached XP level 13. HP: 53/101 MP: 7/13
 15941 | Lair:3   | You fall into a shaft and drop 1 floor!
 16191 | Lair:3   | Found a runed translucent gate.
 16191 | Lair:3   | Found a runed translucent gate.
 16217 | Lair:3   | Noticed Leaxt's ghost (journeyman MiBe)
 16335 | Lair:3   | Noticed Gastronok
 16371 | Lair:3   | Killed Gastronok
 16693 | Lair:3   | Killed Leaxt's ghost
 16873 | Lair:4   | Noticed Nessos
 17060 | Lair:4   | Found a runed translucent gate.
 17060 | Lair:4   | Found a runed translucent gate.
 17060 | Lair:4   | Found a runed translucent gate.
 17060 | Lair:4   | Noticed voltaire321's ghost (journeyman DsVM)
 17444 | Lair:4   | Killed Nessos
 17802 | Lair:4   | Killed voltaire321's ghost
 17808 | Lair:4   | Reached skill level 10 in Fighting
 18120 | Lair:5   | Entered Level 5 of the Lair of Beasts
 18212 | Lair:5   | Noticed a dire elephant
 18245 | Lair:5   | Killed a dire elephant
 18431 | Lair:5   | Gained mutation: When seriously injured, your blood forms
                  | thick armour. (AC +9) [demonic ancestry]
 18431 | Lair:5   | Reached XP level 14. HP: 90/110 MP: 11/14
 18635 | Lair:5   | Found a staircase to the Slime Pits.
 18687 | Lair:5   | Found a viscous altar of Jiyva.
 19039 | Lair:5   | Identified the +10 dire flail "Guxkus" {elec, Fragile rPois
                  | rN+ rCorr}
 19303 | Lair:5   | Reached skill level 10 in Evocations
 20119 | Orc:1    | Entered Level 1 of the Orcish Mines
 20119 | Orc:1    | Found Kuke's Jewellery Shoppe.
 20154 | Orc:1    | Bought the ring "Zearilok" {Fly rC+ Will+ rCorr} for 640
                  | gold pieces
 20251 | Orc:2    | Entered Level 2 of the Orcish Mines
 20416 | Orc:2    | Identified the +9 dagger of Moggonif {pain, Will+ rCorr
                  | Int+4 Dex+4}
 20474 | Orc:2    | Found a staircase to the Elven Halls.
 20790 | Orc:2    | Paralysed by an orc sorcerer for 4 turns
 20921 | Orc:2    | Noticed an orc warlord
 20929 | Orc:2    | Killed an orc warlord
 20979 | Orc:2    | Reached skill level 11 in Fighting
 21012 | Orc:2    | Found Reoniun's Armour Shop.
 21015 | Orc:2    | Reached XP level 15. HP: 103/118 MP: 11/15
 21029 | Orc:2    | Found Soliodat's Jewellery Shop.
 21147 | Orc:2    | Found Notsoothi's Jewellery Boutique.
 21166 | Orc:2    | Reached skill level 10 in Dodging
 21224 | Orc:2    | Bought the amulet of the Four Winds {rN+ Will+++ Clar} for
                  | 910 gold pieces
 21224 | Orc:2    | Found the amulet of the Four Winds {rN+ Will+++ Clar}
 21384 | Orc:2    | Found Udequacs's Armour Shoppe.
 21612 | Orc:1    | Found a burning altar of Makhleb.
 21731 | Elf:1    | Entered Level 1 of the Elven Halls
 21738 | Elf:1    | Paralysed by an air elemental for 1 turns
 21851 | Elf:1    | Shot with an arrow by a deep elf archer

Illustrated notes

Levels and vault maps discovered:
D:1:      shiori_shiawase, layout_loops_corners,
          ebering_ecumenical_altar_sacrificial, dreamdust_princess_bridge
D:2:      layout_basic, serial_shops, nicolae_shop_hallway_stairs,
          corexii_item_surrounded_by_moat, minmay_close_crescents
D:3:      layout_rooms, corner_web_ring
D:4:      layout_loops_corners
D:5:      layout_loops_ring, gammafunk_ghost_nasty_kobolds
D:6:      layout_basic, grunt_temple_overflow_cloverleaf,
          minmay_temple_entry_junction, dk_rats_in_the_wall, uniq_edmund,
          uniq_grinder, uniq_pikel
D:7:      black_bear_nest_2, layout_gridville, serial_shops, shop
D:8:      layout_loops_cross, david_lair_shrubbed, minmay_diced_spiral
D:9:      layout_roguey, david_orc_1_choice, st_stairs_3
D:10:     layout_cave_pods
D:11:     layout_basic, serial_curves, eino_curves_03, eino_curves_01,
          eino_curves_03, eino_curves_04, tgw_xom, uniq_sonja
Temple:   dpeg_five_rooms_temple
Lair:1:   layout_cave_pods, serial_bayou_pond_c, grunt_megastairs_4
Lair:2:   layout_layer_cave, basic_altar, grunt_megastairs_5
Lair:3:   layout_loops_ring, minmay_swamp_entry_wisps, spider_nest_entry_rubble,
          gammafunk_ghost_icy, basic_altar, chequers_serial_rivers_room_b,
          minivault_25, uniq_gastronok
Lair:4:   layout_long_grid, gammafunk_ghost_split, uniq_nessos
Lair:5:   grunt_lair_end_beastmaster, layout_small_grid, slime_entry_1,
          minmay_shattered_shrine, grunt_megastairs_3
Orc:1:    layout_caves, basic_altar, serial_shops, shop_fountains,
          library_closet
Orc:2:    hellmonk_orc_salted, layout_caves, nicolae_orc_sculptors_studio
Elf:1:    layout_loops_cross, serial_shops, shop,
          portal_desolation_entry_nicolae_menacing_earthworks,
          hangedman_corner_corridor, hangedman_elven_crosses_minicolossus,
          uniq_louise, uniq_frances

Skill      XL: |  1  2  3  4  5  6  7  8  9 10 11 12 13 14 15 |
---------------+----------------------------------------------+-----
Axes           | 2 3 4 5 6 7 8 9 |  9.9
Dodging        | 2 3 4 5 6 7 8 9 10 | 10.0
Evocations     | 1 2 3 4 5 6 7 8 9 10 | 10.6
Armour         | 1 2 3 4 5 6 7 8 9 |  9.8
Throwing       | 1 2 3 4 5 6 7 8 9 |  9.6
Fighting       | 4 5 6 7 8 9 10 11 | 11.1
Shields        | 1 2 3 4 5 6 7 8 9 |  9.6
Stealth        | |  4.5

Action                   |  1- 3 |  4- 6 |  7- 9 | 10-12 | 13-15 || total
-------------------------+-------+-------+-------+-------+-------++-------
Melee: Hand axe          |    59 |   152 |   354 |       |       ||   565
       Touch             |    10 |     5 |       |       |       ||    15
       Morningstar       |       |       |    28 |   444 |   696 ||  1168
Throw: Dart              |       |       |     9 |       |       ||     9
       Boomerang         |       |       |       |       |    13 ||    13
Invok: Call Merchant     |       |       |       |       |     4 ||     4
Evoke: Wand              |       |       |     3 |     2 |     4 ||     9
       Condenser vane    |       |       |       |       |     2 ||     2
  Use: Scroll            |     2 |       |    18 |     6 |     3 ||    29
       Potion            |     1 |       |       |       |     6 ||     7
 Stab: Sleeping          |    13 |     7 |     3 |       |       ||    23
       Distracted        |       |       |       |     3 |     4 ||     7
       Paralysed         |       |       |       |     1 |       ||     1
Armor: Leather armour    |    13 |       |       |       |       ||    13
       Ring mail         |     7 |    64 |    59 |       |       ||   130
       Chain mail        |       |       |    39 |   258 |   342 ||   639
Dodge: Dodged            |    35 |    51 |    84 |   145 |   356 ||   671
Block: Tower shield      |       |   177 |   417 |   475 |   769 ||  1838
       Other             |       |     1 |       |       |       ||     1
       Reflection        |       |     3 |     4 |       |     3 ||    10

Table legend: (Time is in decaauts)
 A = Elapsed time spent in this place.
 B = Non-inter-level travel time spent in this place.
 C = Inter-level travel time spent in this place.
 D = Time resting spent in this place.
 E = Time spent auto-exploring this place.
 F = Levels seen in this place.
 G = Mean time per level.
                   A        B        C        D        E       F      G
               +--------+--------+--------+--------+--------+-----+--------+
         Total |  22813 |  21838 |    975 |   1220 |  15911 |  20 | 1140.7 |
       Dungeon |  13615 |  13067 |    548 |   1116 |   9418 |  11 | 1237.7 |
        Temple |    135 |     86 |     49 |      0 |     66 |   1 |  135.0 |
          Lair |   7188 |   6878 |    310 |    104 |   5236 |   5 | 1437.6 |
  Orcish Mines |   1738 |   1671 |     67 |      0 |   1146 |   2 |  869.0 |
   Elven Halls |    135 |    135 |      0 |      0 |     45 |   1 |  135.0 |
               +--------+--------+--------+--------+--------+-----+--------+

Top non-repeatable levels by time:
     D:4: 2458 daAuts
     D:6: 2079 daAuts
  Lair:5: 1966 daAuts
  Lair:3: 1732 daAuts
     D:7: 1392 daAuts
   Orc:2: 1324 daAuts
     D:8: 1250 daAuts
  Lair:2: 1244 daAuts
  Lair:4: 1202 daAuts
     D:5: 1087 daAuts
     D:9: 1045 daAuts
  Lair:1: 1043 daAuts
    D:10: 1043 daAuts
     D:2: 1028 daAuts
    D:11: 972 daAuts
